Description

A beginner build order for everyone to use

VOD

https://www.youtube.com/watch?v=JdrmHsWGA7A

Replay - Royal_Blood_LE_7

Build Order

Get SALT Encoding   

  12  0:00  SCV  
  13  0:12  SCV  
  14  0:17  Supply Depot  
  14  0:25  SCV  
  15  0:38  SCV  
  15  0:39  Barracks  
  16  0:43  Refinery  
  16  0:50  SCV  
  17  1:02  SCV  
  18  1:14  SCV  
  19  1:26  Barracks Reactor  
  19  1:27  Orbital Command  
  19  1:38  Command Center  
  19  1:47  Supply Depot  
  19  1:52  SCV  
  20  2:02  Marine x2  
  20  2:04  SCV  
  23  2:15  Bunker  
  23  2:17  SCV  
  23  2:19  Marine x2  
  26  2:23  Barracks  
  26  2:31  Barracks  
  27  2:37  Marine x2  
  29  2:50  Orbital Command  
  30  2:56  Marine x2  
  33  3:10  Barracks Tech Lab  
  33  3:11  Supply Depot  
  34  3:15  Marine x2  
  34  3:18  Barracks Tech Lab  
  38  3:29  Stimpack  
  41  3:37  Combat Shield  
  44  3:43  Supply Depot  
  52  4:06  Supply Depot  
  63  4:32  Refinery x2  
  63  4:33  Factory  
  66  4:44  Engineering Bay  
  70  4:57  Barracks x2  
  74  5:18  Terran Infantry Weapons Level 1, Factory Reactor  
  74  5:20  Starport  
  82  5:45  Refinery  
  82  5:46  Barracks Reactor, Barracks Tech Lab  
  85  6:03  Medivac x2  
  89  6:04  Factory Tech Lab  
  89  6:11  Marauder  
  94  6:25  Siege Tank  
  102  6:33  Medivac x2  
  112  6:59  Siege Tank  
  117  7:04  Medivac x2  
  130  7:31  Siege Tank  
  130  7:34  Medivac x2  
  149  8:03  Siege Tank  
  149  8:04  Medivac x2  
Spawning Tool Build Advisor. Get it on Overwolf

Go to:

Details

  • Created by: Kenosua
  • Published on: Sep 24, 2023
  • Modified on: Sep 24, 2023
  • Patch: 5.0.11
  • Difficulty: Easy
Show
View Real Time Build Order
Export as new Build Order

Comments (0)

There are no comments. Be the first!

Create an account to comment!